 Dungeon Crawl Stone Soup version 0.27.1-33-g824d729ab1 (webtiles) character file.

Game seed: 5547287175443570643

623769 Nixze the Metallomancer (level 26, -7/159 HPs)
             Began as a Green Draconian Air Elementalist on Dec 8, 2021.
             Was a High Priest of Ashenzari.
             Killed from afar by a wretched star (23 damage)
             ... with a lance of force
             ... on level 5 of the Abyss.
             The game lasted 05:43:04 (131196 turns).

Nixze the Metallomancer (DrAE)                    Turns: 131196, Time: 05:43:05

Health: -7/159     AC: 16    Str: 17      XL:     26   Next: 59%
Magic:  3/34       EV: 19    Int: 15 (22) God:    Ashenzari [*****.]
Gold:   3674       SH: 29    Dex: 14      Spells: 9/68 levels left

rFire    + + .     SeeInvis +   l - +4 flail "Raffea" {vamp, Fragile rF++}
rCold    + . .     Faith    .   D - +6 tower shield "Omniscient Malaise" {Str+5, Evo, Elem} (curse)
rNeg     + + +     Spirit   .   (armour unavailable)
rPois    +         Reflect  .   H - +2 hat "Ensconced With Me" {Fort, Self} (curse)
rElec    +         Harm     .   K - +2 cloak "Ensconced With Me" {rCorr, Self, Bglg} (curse)
rCorr    +         Rampage  .   G - +1 pair of gloves "Ruined Failure" {Stlth+, Cun, Bglg} (curse)
Will     ++++.     Clarity  +   I - +0 pair of boots "Bound With Me" {Evo, Elem} (curse)
Stlth    ++++......             g - amulet of the Four Winds {rN+ Will+++ Clar, Elem, Range} (curse)
HPRegen  0.00/turn              e - ring "Poleak" {*Corrode rPois rC+ rN+ Str+2}
MPRegen  0.24/turn              q - ring of Ashenzari's Repose {Drain rElec rPois rN+ Dex+6, Bglg, Fort} (curse)

@: corroded, inhibited regen, studying 2 skills
A: breathe noxious fumes, AC +12, unfitting armour, stinger 1, poison
resistance, cold-blooded, berserk 1, weak 1, MP-powered wands, noise
suppression, [clumsy 2], deterioration 1[+1], dopey 1[+1], [frail 3], low mp
1[+2], [inhibited regeneration], subdued magic 1[+2]
}: 4/15 runes: decaying, serpentine, slimy, silver
a: Breathe Noxious Fumes, Renounce Religion, Curse Item, Shatter the Chains


You were on level 5 of the Abyss.
You worshipped Ashenzari.
Ashenzari was extremely pleased with you.
You visited 12 branches of the dungeon, and saw 54 of its levels.
You visited the Abyss 1 time.
You visited 1 bazaar.
You also visited: Bailey, Ice Cave and Desolation.

You collected 8702 gold pieces.
You spent 5028 gold pieces at shops.

Inventory:

Hand Weapons
 l - the +4 flail "Raffea" (weapon) {vamp, Fragile rF++}
   (You took it off a tengu reaver on level 5 of the Vaults)

   It occasionally heals its wielder for a portion of the damage dealt when it
   wounds a living foe.
   rF:        It greatly protects you from fire.
   Fragile:   It will be destroyed if unequipped.
 x - the +6 Majin-Bo {vamp, MP+6 Int+6}
   (You found it on level 2 of the Depths)

   It occasionally heals its wielder for a portion of the damage dealt when they
   wound a living foe with it or with a spell.
   Its wielder's spells cost health as well as magical power.
   Int:       It affects your intelligence (+6).
   MP:        It affects your magic capacity (+6).
Armour
 D - the cursed +6 tower shield "Omniscient Malaise" (worn) {Str+5, Evo, Elem}
   (You took it off a deep elf elementalist on level 3 of the Elven Halls)

   Str:       It affects your strength (+5).
   It has a curse which improves the following skills: Evocations: Evocations.
   Elements:  Fire Magic, Ice Magic, Air Magic and Earth Magic.
 G - the cursed +1 pair of gloves "Ruined Failure" (worn) {Stlth+, Cun, Bglg}
   (You bought it in a shop on level 4 of the Dungeon)

   It has a curse which improves the following skills: Cunning: Dodging and
   Stealth.
   Beguiling: Conjurations, Hexes and Translocations.
 H - the cursed +2 hat "Ensconced With Me" (worn) {Fort, Self}
   (You bought it in a shop on level 4 of the Dungeon)

   It has a curse which improves the following skills: Fortitude: Shields.
   Introspection: Fighting and Spellcasting.
 I - the cursed +0 pair of boots "Bound With Me" (worn) {Evo, Elem}
   (You bought it in a shop on level 4 of the Dungeon)

   It has a curse which improves the following skills: Evocations: Evocations.
   Elements:  Fire Magic, Ice Magic, Air Magic and Earth Magic.
 K - the cursed +2 cloak "Ensconced With Me" (worn) {rCorr, Self, Bglg}
   (You bought it in a shop on level 1 of the Snake Pit)

   It has a curse which improves the following skills: Introspection: Fighting
   and Spellcasting.
   Beguiling: Conjurations, Hexes and Translocations.
Jewellery
 e - the ring "Poleak" (left hand) {*Corrode rPois rC+ rN+ Str+2}
   (You took it off an ironbound preserver on level 5 of the Vaults)

   [ring of poison resistance]

   Str:       It affects your strength (+2).
   rC:        It protects you from cold.
   rPois:     It protects you from poison.
   rN:        It protects you from negative energy.
   *Corrode:  It may corrode you when you take damage.
 g - the cursed amulet of the Four Winds (around neck) {rN+ Will+++ Clar, Elem, Range}
   (You took it off a vault guard on level 5 of the Vaults)

   [amulet of nothing]

   rN:        It protects you from negative energy.
   Clar:      It protects you against confusion.
   Will:      It greatly increases your willpower.
   It has a curse which improves the following skills: Elements: Fire Magic, Ice
   Magic, Air Magic and Earth Magic.
   Ranged Combat: Slings, Bows, Crossbows and Throwing.
 m - the ring "Jixzat" {Wiz rPois rF+ Slay-5 SInv}
   (You found it in the Desolation of Salt)

   [ring of wizardry]

   It improves your spell success rate.
   Slay:      It affects your accuracy & damage with ranged weapons and melee
   (-5).
   rF:        It protects you from fire.
   rPois:     It protects you from poison.
   SInv:      It lets you see invisible.
 o - the amulet of Neurosis {Reflect Str+2 SH+5}
   (You took it off an imperial myrmidon in the Desolation of Salt)

   [amulet of reflection]

   It reflects blocked missile attacks.
   Str:       It affects your strength (+2).
   SH:        It affects your SH (+5).
 q - the cursed ring of Ashenzari's Repose (right hand) {Drain rElec rPois rN+ Dex+6, Bglg, Fort}
   (You bought it in a shop on level 2 of the Orcish Mines)

   [ring of dexterity]

   Dex:       It affects your dexterity (+6).
   rElec:     It insulates you from electricity.
   rPois:     It protects you from poison.
   rN:        It protects you from negative energy.
   Drain:     It drains your maximum health when unequipped.
   It has a curse which improves the following skills: Beguiling: Conjurations,
   Hexes and Translocations.
   Fortitude: Shields.
Wands
 h - a wand of polymorph (35)
 r - a wand of paralysis (37)
 v - a wand of iceblast (80)
 y - a wand of digging (13)
 F - a wand of acid (45)
 P - a wand of mindburst (60)
Scrolls
 d - 8 scrolls of blinking
 f - 8 scrolls of vulnerability
 i - 9 scrolls of magic mapping
 k - 15 scrolls of fog
 n - 26 scrolls of teleportation
 p - 9 scrolls of immolation
 t - 6 scrolls of holy word
 A - 6 scrolls of enchant weapon
 B - 8 scrolls of enchant armour
 E - a scroll of silence
 L - 10 scrolls of fear
 N - 2 scrolls of brand weapon
 O - 9 scrolls of amnesia
 V - 3 scrolls of summoning
 W - a scroll of acquirement
Potions
 b - 2 potions of berserk rage
 c - 11 potions of attraction
 j - 7 potions of haste
 s - 11 potions of brilliance
 u - 7 potions of cancellation
 w - 13 potions of heal wounds
 z - 8 potions of ambrosia
 C - 3 potions of invisibility
 R - 23 potions of curing
 T - 3 potions of magic
 U - 4 potions of resistance
 X - 8 potions of flight
Miscellaneous
 J - a condenser vane
 M - a box of beasts
 S - a phial of floods
 Y - a lightning rod (4/4)
 Z - a phantom mirror


   Skills:
 - Level 13.4(17.0) Fighting
 - Level 12.6(14.9) Dodging
 - Level 2.4(4.6) Stealth
 + Level 18.7(21.9) Shields
 + Level 18.6(21.8) Spellcasting
 + Level 18.7(22.9) Conjurations
 - Level 15.0 Summonings
 - Level 10.0(15.0) Fire Magic
 - Level 8.6(13.7) Air Magic
 + Level 21.3(25.3) Earth Magic
 - Level 10.7(14.4) Evocations


You had 9 spell levels left.
You knew the following spells:

 Your Spells              Type           Power      Damage    Failure   Level
a - Shock                 Conj/Air       100%       1d9       0%          1
b - Static Discharge      Conj/Air       37%        N/A       0%          2
c - Orb of Destruction    Conj           22%        9d9       1%          7
d - Airstrike             Air            15%        N/A       0%          4
f - Bolt of Magma         Conj/Fire/Erth 20%        4d10      0%          5
h - Lehudib's Crystal Sp  Conj/Erth      23%        10d6      1%          8
i - Teleport Other        Tloc           9%         N/A       4%          3
j - Sublimation of Blood  Necr           4%         N/A       2%          2
k - Spellforged Servitor  Conj/Summ      19%        N/A       1%          7
l - Passage of Golubria   Tloc           N/A        N/A       19%         4
m - Passwall              Tmut/Erth      23%        N/A       0%          2
n - Lee's Rapid Deconstr  Erth           24%        3d14*     0%          5
o - Shatter               Erth           24%        3d21*     7%          9

Your spell library contained the following spells:

 Spells                   Type           Power      Damage    Failure   Level
 Magic Dart               Conj           100%       1d8       0%          1
 Sandblast                Erth           96%        2d20      0%          1
 Summon Small Mammal      Summ           100%       N/A       0%          1
 Call Imp                 Summ           32%        N/A       0%          2
 Searing Ray              Conj           88%        3d6       0%          2
 Call Canine Familiar     Summ           32%        N/A       0%          3
 Dazzling Flash           Conj/Hex       54%        N/A       0%          3
 Mephitic Cloud           Conj/Pois/Air  27%        N/A       0%          3
 Stone Arrow              Conj/Erth      92%        3d12      0%          3
 Swiftness                Air            30%        N/A       0%          3
 Summon Lightning Spire   Summ/Air       31%        N/A       0%          4
 Fireball                 Conj/Fire      19%        3d9       0%          5
 Iskenderun's Battlesphe  Conj           44%        2d10      0%          5
 Iron Shot                Conj/Erth      23%        9d5       0%          6
 Animate Skeleton         Necr           16%        N/A       1%          1
 Apportation              Tloc           18%        N/A       1%          1
 Beastly Appendage        Tmut           16%        N/A       1%          1
 Freeze                   Ice            36%        1d6       1%          1
 Pain                     Necr           32%        1d5       1%          1
 Sting                    Tmut/Pois      32%        1d4       1%          1
 Blink                    Tloc           N/A        N/A       1%          2
 Corpse Rot               Necr/Air       N/A        N/A       1%          2
 Ensorcelled Hibernation  Hex/Ice        18%        N/A       1%          2
 Poisonous Vapours        Pois/Air       38%        N/A       1%          2
 Slow                     Hex            9%         N/A       1%          2
 Ignite Poison            Fire/Tmut/Pois 16%        N/A       1%          3
 Summon Guardian Golem    Hex/Summ       21%        N/A       1%          3
 Fulminant Prism          Conj/Hex       13%        3d9       1%          4
 Hailstorm                Conj/Ice       27%        3d7       1%          4
 Iskenderun's Mystic Bla  Conj/Tloc      27%        2d7       1%          4
 Petrify                  Tmut/Erth      28%        N/A       1%          4
 Summon Ice Beast         Ice/Summ       21%        N/A       1%          4
 Borgnjor's Vile Clutch   Necr/Erth      14%        N/A       1%          5
 Freezing Cloud           Conj/Ice/Air   14%        6-21      1%          5
 Irradiate                Conj/Tmut      13%        3d18      1%          5
 Summon Forest            Summ/Tloc      10%        N/A       1%          5
 Summon Mana Viper        Hex/Summ       21%        N/A       1%          5
 Conjure Ball Lightning   Conj/Air       18%        3x3d6     1%          6
 Shadow Creatures         Summ           N/A        N/A       1%          6
 Starburst                Conj/Fire      19%        6d7       1%          6
 Wereblood                Tmut           8%         N/A       2%          2
 Silence                  Hex/Air        10%        N/A       2%          5
 Monstrous Menagerie      Summ           16%        N/A       3%          7
 Summon Hydra             Summ           16%        N/A       3%          7
 Confusing Touch          Hex            9%         N/A       4%          3
 Frozen Ramparts          Ice            18%        1d3       4%          3
 Gell's Gravitas          Tloc           4%         N/A       4%          3
 Lesser Beckoning         Tloc           4%         N/A       4%          3
 Spider Form              Tmut/Pois      4%         N/A       7%          3
 Vampiric Draining        Necr           4%         2d6       7%          3
 Ice Form                 Ice/Tmut       9%         N/A       22%         4
 Dispel Undead            Necr           8%         3d8       26%         4
 Olgreb's Toxic Radiance  Pois           8%         N/A       26%         4
 Ignition                 Fire           16%        3d6       38%         8
 Manifold Assault         Tloc           9%         N/A       50%         5
 Yara's Violent Unravell  Hex/Tmut       4%         3d4       56%         5
 Maxwell's Capacitive Co  Air            15%        ∞         58%         8
 Agony                    Necr           8%         N/A       63%         5
 Alistair's Intoxication  Tmut/Pois      5%         N/A       63%         5
 Blade Hands              Tmut           4%         N/A       63%         5
 Excruciating Wounds      Necr           4%         N/A       63%         5
 Malign Gateway           Summ/Tloc      10%        N/A       69%         7
 Storm Form               Tmut/Air       9%         N/A       85%         7
 Dispersal                Tloc           4%         N/A       98%         6
 Invisibility             Hex            4%         N/A       98%         6
 Death Channel            Necr           4%         N/A       99%         6
 Eringya's Noxious Bog    Tmut/Pois      4%         N/A       99%         6
 Dragon Form              Tmut           4%         N/A       100%        7
 Animate Armour           Summ/Erth      Unusable   N/A       N/A         4

Dungeon Overview and Level Annotations

Branches:
Dungeon (15/15)            Temple (1/1) D:6            Lair (6/6) D:11
  Swamp (4/4) Lair:4        Snake (4/4) Lair:2        Slime (5/5) Lair:6
    Orc (2/2) D:9             Elf (3/3) Orc:2        Vaults (5/5) D:13
  Crypt (3/3) Vaults:3       Tomb (0/3) Crypt:3      Depths (5/5) D:15
    Zot (1/5) Depths:5     Bailey (visited)           IceCv (visited)
Desolation (visited)

Altars:
Ashenzari
Cheibriados
Dithmenos
Elyvilon
Fedhas
Gozag
Hepliaklqana
Kikubaaqudgha
Makhleb
Nemelex Xobeh
Okawaru
Qazlal
Ru
Sif Muna
Trog
Uskayaw
Vehumet
Wu Jian
Xom
Yredelemnul
Zin
The Shining One
Jiyva

Shops:
D:1 (   D:4 ([?[*   Orc:1 =   Orc:2 =(*[   Elf:2 (*([[   Elf:3 *[
Snake:1 [*[[   Snake:4 ?   Vaults:2 (   Depths:4 [

Portals:
Hell: Depths:1 Depths:2 Depths:3 Depths:4 Depths:5
Abyss: Snake:4 Depths:4
Pandemonium: Depths:1 Depths:3
Ziggurat: Depths:2


Innate Abilities, Weirdness & Mutations

You can breathe blasts of noxious fumes.
Your lurid green scales are hard. (AC +12)
You cannot fit into any form of body armour.
Your tail ends in a poisonous barb.
Your system is resistant to poisons. (rPois)
You are cold-blooded and may be slowed by cold attacks.
You tend to lose your temper in combat.
You are weak. (Str -2)
You expend magic power (3 MP) to strengthen your wands.
You passively dampen the noise of your surroundings.
[You are very clumsy. (Dex -4)]
[Your body often deteriorates upon taking damage.]
[You are very dopey. (Int -4)]
[You are extremely frail. (-30% HP)]
[Your magical capacity is extremely low. (-30% MP)]
[You do not regenerate when monsters are visible.]
[Your spells are much easier to cast, but much less powerful.]


Message History

The green very ugly thing is heavily wounded.
The queen bee is heavily wounded.
The meliai buzzes angrily.
The meliai is almost dead.
Ka-crash!
A wretched star comes into view.
You hear an angry buzzing noise.
You hear a roar! x2; You hear a bark!
You block the meliai's attack.
The meliai stings you but does no damage.
A meliai comes into view. It is wielding a +3 hand axe.
The wretched star glows turbulently.
You block the lance of force.
The wretched star pulses with an eldritch light!
Your connection to magic feels more subdued.
Your connection to magic feels nearly dormant.
You feel clumsy. x2
The meliai invokes the aid of its god against you.
Something smites you!
Your corrosive artefact corrodes you!
You block the meliai's attack. x2
Casting: Shatter (dangerous; 7% risk of failure)
Confirm with . or Enter, or press ? or * to list all spells.
The dungeon rumbles!
You kill the meliai!
The green very ugly thing is almost dead.
You kill the meliai!
The green very ugly thing is severely wounded.
The queen bee is severely wounded.
The wretched star is heavily damaged.
You kill the meliai!
The meliai buzzes angrily.
The meliai is heavily wounded.
Ka-crash!
You hear a bark!
You hear a shout! x2
The wretched star glows turbulently.
The lance of force hits you!!
* * * LOW HITPOINT WARNING * * *
You are knocked back by the lance of force.
Found an elf corpse.
The wretched star glows turbulently.
The lance of force hits you!!
You die...

,,* , * ,..,,##...., ##..
,, ,..... ...............
, , ,...∩
,....[.......... , .,,
... ................ ,
#.,,#..,#...#...#.......
**
##†##..#.#†###∆###.,##..
, * ,
,#......)....#...#.####*#
,, , #.......#...#...##..
, * , †#.@..##†###†####.,
,* ,,*
,,#...#.......#..## # * *
,,,#...#...#...#...#### *
* *
,*##†*.#*....###.####{{{
* ,..y...u.#.### #,, * **
** ....u...*####.* *
***** * ...y)#.#..#### *
* ##.φ#####.#..# *, ** ##
####..## , ,


You could see 2 very ugly things, 2 wretched stars, a queen bee and a meliai.

Vanquished Creatures
  the Royal Jelly (Slime:5)
  2 dread liches
  Mennas (Crypt:2)
  Bai Suzhen (Snake:4)
  Margery (Crypt:2)
  A caustic shrike (Depths:4)
  5 golden dragons
  A bone dragon (Crypt:3)
  9 tentacled monstrosities
  Jorgrun (Orc:2)
  5 titans
  5 liches
  3 deep elf blademasters
  20 acid blobs
  3 quicksilver dragons (Vaults:5)
  2 deep elf master archers (Elf:3)
  4 sphinxes
  A tentacled starspawn (Abyss:5)
  A thorn hunter (Swamp:3)
  2 shadow dragons
  3 ancient champions
  4 storm dragons
  3 revenants (Crypt:1)
  17 azure jellies
  3 nagarajas (Snake:4)
  2 draconian monks (Depths:5)
  2 fenstrider witches
  5 tengu reavers
  12 rockslimes
  7 deep elf sorcerers
  5 frost giants
  Aizul (Snake:1)
  8 fire giants
  2 imperial myrmidons (Desolation)
  A cacodemon (Snake:4)
  A draconian knight (Depths:5)
  Louise (Swamp:3)
  A balrug (Depths:1)
  9 vault wardens
  2 orc warlords
  A draconian scorcher (Depths:5)
  A curse skull (Crypt:1)
  3 ghouls
  An iron dragon (Depths:4)
  12 ironbound preservers
  4 spriggan defenders
  7 deep elf elementalists (Elf:3)
  2 caustic shrike skeletons (Crypt:1)
  2 draconian annihilators
  13 quicksilver oozes
  A quicksilver ooze (shapeshifter) (Depths:3)
  8 very ugly things
  7 war gargoyles
  A juggernaut skeleton (Crypt:1)
  8 vampire knights
  12 stone giants
  Nessos (D:15)
  A green draconian (Depths:5)
  4 deep elf demonologists
  2 spark wasps (Depths:2)
  A yellow draconian (Depths:5)
  2 black draconians (Depths:5)
  A halazid warlock (Desolation)
  A spark wasp (shapeshifter) (Depths:2)
  A purple draconian (Depths:5)
  A white draconian (Zot:1)
  A minotaur (Orc:1)
  3 deep elf annihilators (Elf:3)
  A red draconian (Depths:5)
  3 dire elephants
  5 bunyips
  3 eidola
  4 crystal guardians
  A merfolk javelineer (Orc:1)
  16 ettins
  3 ragged hierophants (Desolation)
  Josephine (Orc:2)
  Snorg (Orc:2)
  10 eleionomae
  2 shambling mangroves
  8 deep elf death magi
  8 fire dragons
  The ghost of Sensen the Fighter, a journeyman TrHu of Hepliaklqana (Orc:1)
  7 great orbs of eyes
  2 jiangshi
  Harold (D:8)
  12 yaktaur captains
  9 deep elf high priests
  11 naga warriors
  9 ironbound thunderhulks
  The ghost of Vyran the Blocker, a journeyman GnFi of Yredelemnul (D:10)
  28 hydras
  A rakshasa (Depths:1)
  5 peacekeepers (Desolation)
  29 vault guards
  10 ice dragons
  A catoblepas (Lair:6)
  A salamander tyrant (Snake:4)
  7 anacondas
  3 servants of whispers (Desolation)
  6 boulder beetles
  3 ghost crabs
  3 ironbound frosthearts (Vaults:4)
  3 ogre magi
  9 two-headed ogres
  11 centaur warriors
  3 death knights
  3 death yaks (Lair:6)
  3 tengu warriors
  34 dancing weapons
  2 thrashing horrors
  8 deep troll earth magi
  4 spriggan berserkers (Depths:2)
  12 deep troll shamans
  3 ironbound beastmasters
  6 orc high priests (Orc:2)
  2 shock serpents
  7 alligators
  6 naga sharpshooters
  6 vampire magi
  3 titan zombies (Crypt:3)
  A soul eater (Crypt:2)
  3 large abominations
  14 deep elf knights
  18 hell knights
  9 iron trolls
  3 wretched stars
  A salamander mystic (Snake:1)
  A sixfirhy (Abyss:2)
  35 skeletal warriors
  3 spriggan druids
  3 goliath frogs
  2 spatial maelstroms
  14 deep elf archers
  7 glowing orange brains
  A torturous demonspawn (Depths:1)
  6 flayed ghosts
  3 naga ritualists
  57 deep trolls
  10 phantasmal warriors
  14 swamp dragons
  7 bog bodies
  2 lindwurms
  35 deep elf pyromancers
  8 necromancers
  A lindwurm (shapeshifter) (Depths:4)
  22 ironbound convokers
  16 mana vipers
  7 shining eyes
  11 wizards
  A mana viper (shapeshifter) (Vaults:5)
  15 orc knights
  32 deep elf zephyrmancers
  7 manticores
  2 orc sorcerers (Orc:1)
  31 ugly things
  A moth of wrath (Zot:1)
  6 salamanders
  20 cyclopes
  11 elephants
  An iron dragon skeleton (Crypt:1)
  6 guardian serpents
  A will-o-the-wisp (Swamp:4)
  Joseph (D:8)
  2 frost giant skeletons
  A black mamba (shapeshifter) (Vaults:5)
  A centaur zombie (D:11)
  33 black mambas
  An ice statue (IceCv)
  An eye of devastation (Slime:5)
  A shock serpent skeleton (Crypt:1)
  11 naga magi
  A torpor snail (Lair:6)
  A smoke demon (Abyss:3)
  14 vault sentinels
  13 cane toads
  A torpor snail (shapeshifter) (Elf:2)
  2 hellions
  6 rime drakes
  2 unseen horrors
  Psyche (D:9)
  2 ice devils
  2 efreet
  A black draconian zombie (Crypt:1)
  7 freezing wraiths
  6 komodo dragons
  A golden dragon simulacrum (Crypt:1)
  3 tengu conjurers
  A harpy zombie (Crypt:1)
  A troll (shapeshifter) (D:13)
  24 yaktaurs
  3 guardian mummies (Crypt:1)
  9 meliai
  10 tyrant leeches
  6 trolls
  2 bloated husks (Swamp:1)
  107 slime creatures
  2 red devils (Depths:1)
  An alligator zombie (Crypt:3)
  A raiju (shapeshifter) (Vaults:5)
  A fire dragon zombie (Crypt:3)
  A jumping spider zombie (Crypt:1)
  34 saltlings (Desolation)
  A tarantella zombie (Crypt:1)
  3 polar bears
  15 hornets
  4 ice dragon zombies
  6 dream sheep
  12 blink frogs
  An ettin zombie (Crypt:3)
  6 raiju
  A black mamba zombie (Crypt:2)
  24 flying skulls
  6 starcursed masses
  2 shadows
  A centaur simulacrum (D:10)
  3 air elementals
  An ice dragon skeleton (Crypt:3)
  11 spriggans
  9 water elementals
  64 yaks
  9 wraiths
  4 dire elephant simulacra (IceCv)
  2 ynoxinuls (Abyss:2)
  3 basilisks (Lair:6)
  A wind drake skeleton (Crypt:2)
  4 fire elementals
  4 wyverns
  A golden eye (shapeshifter) (D:13)
  A human (shapeshifter) (Depths:4)
  4 neqoxecs
  3 steam dragons
  11 golden eyes
  2 chaos spawn
  18 vampire mosquitoes
  9 wargs
  3 death yak simulacra (IceCv)
  8 acid dragons
  21 nagas
  17 swamp worms
  A floating eye (shapeshifter) (Vaults:5)
  2 floating eyes
  Duvessa (D:7)
  14 water moccasins
  9 swamp drakes
  2 black bears
  2 hornet zombies
  3 small abominations
  2 ice beasts
  A cane toad skeleton (Crypt:3)
  2 sky beasts
  A manticore zombie (Crypt:3)
  5 necrophages
  53 orc warriors
  A snapping turtle zombie (Crypt:1)
  11 ogres
  9 boggarts
  14 centaurs
  36 wolves
  2 phantoms
  A kobold brigand (D:8)
  8 bullfrogs
  A gnoll sergeant (Orc:2)
  3 earth elementals
  Dowan (D:7)
  A salamander skeleton (Crypt:1)
  2 scorpions
  5 two-headed ogre simulacra (IceCv)
  A water moccasin skeleton (D:6)
  7 killer bees (D:11)
  2 troll zombies (Crypt:2)
  An elephant simulacrum (IceCv)
  15 wights
  4 electric eels (D:11)
  4 howler monkeys
  2 crimson imps (Abyss:5)
  A bullfrog zombie (D:7)
  32 orc priests
  6 hounds
  3 human zombies (Crypt:1)
  4 jellies
  A centaur skeleton (D:7)
  7 iguanas
  2 bullfrog skeletons (D:6)
  4 human skeletons (Crypt:1)
  24 orc wizards
  5 hell rats (Lair:6)
  3 troll simulacra (IceCv)
  6 spriggan simulacra (IceCv)
  2 polar bear simulacra (IceCv)
  2 wolf simulacra (IceCv)
  A demigod zombie (Crypt:2)
  A naga zombie (Crypt:3)
  A tengu skeleton (Crypt:2)
  A hound skeleton (D:4)
  2 howler monkey zombies (D:6)
  11 gnolls
  2 adders (D:2)
  3 naga simulacra (IceCv)
  2 shadow imps (D:7)
  10 white imps
  7 ufetubi
  A worm (shapeshifter) (Depths:5)
  A worm (D:3)
  3 dart slugs
  97 orcs
  11 ball pythons
  2 bats
  9 endoplasms
  4 giant cockroaches
  14 goblins
  11 hobgoblins
  4 jackals
  2 quokkas
  4 frilled lizards
  9 kobolds
  A kobold skeleton (Crypt:2)
  6 rats
  A river rat skeleton (Crypt:2)
  A briar patch (Swamp:3)
2215 creatures vanquished.

Vanquished Creatures (collateral kills)
  Dissolution (Slime:5)
  An ancient lich (Vaults:5)
  A juggernaut (Depths:2)
  the Lernaean hydra (Swamp:4)
  A golden dragon (Depths:2)
  A lich (Vaults:3)
  A titan (Vaults:5)
  3 acid blobs
  A kraken (Abyss:3)
  A sphinx (Vaults:3)
  An ancient champion (Crypt:2)
  A tengu reaver (Vaults:5)
  2 shadow dragons
  4 rockslimes
  A nagaraja (Snake:4)
  A fire giant (Depths:3)
  A deep elf sorcerer (Elf:3)
  2 azure jellies
  A daeva (Snake:4)
  The ghost of McKennaii the Devastator, an adept DgCj (Snake:4)
  The ghost of CrazyMind the Carver, an adept DjGl of Okawaru (Snake:3)
  A frost giant (Depths:4)
  3 vault wardens
  A ghoul (Vaults:3)
  2 imperial myrmidons (Desolation)
  3 ironbound preservers (Vaults:1)
  3 quicksilver oozes (Slime:4)
  A very ugly thing (Vaults:2)
  2 deep elf demonologists
  A deep elf annihilator (Elf:3)
  2 dire elephants
  A red draconian (Depths:5)
  An ettin (Depths:3)
  A merfolk impaler (Orc:1)
  3 great orbs of eyes
  3 fire dragons (Depths:4)
  A jiangshi (Vaults:3)
  An ironbound thunderhulk (Vaults:2)
  A yaktaur captain (Vaults:4)
  8 naga warriors
  A ragged hierophant (Desolation)
  2 hydras (D:10)
  2 peacekeepers (Desolation)
  2 ice dragons
  2 salamander tyrants
  3 ironbound frosthearts
  4 dancing weapons (Elf:2)
  5 anacondas
  A centaur warrior (Orc:1)
  A tengu warrior (D:10)
  3 hell knights
  A shock serpent (Snake:4)
  7 naga sharpshooters
  A wretched star (Abyss:5)
  2 salamander mystics
  9 deep trolls
  An iron troll (Depths:4)
  2 starcursed masses (Abyss:2)
  A sea snake (Snake:1)
  An orc knight (D:10)
  4 naga ritualists
  2 ironbound convokers
  A necromancer (Depths:4)
  2 deep elf pyromancers
  3 ugly things
  A shining eye (Slime:4)
  4 mana vipers (Snake:1)
  5 guardian serpents
  4 salamanders
  13 black mambas
  A rust devil (Depths:1)
  9 naga magi
  3 vault sentinels
  4 yaktaurs
  2 ancient zymes (Abyss:2)
  A polar bear (Vaults:3)
  4 raiju (Abyss:2)
  15 slime creatures
  6 saltlings (Desolation)
  A large abomination (Abyss:2)
  An air elemental (Elf:3)
  A flying skull (Vaults:3)
  25 nagas
  An orc warrior (Orc:1)
  2 small abominations
  A shadow imp (Abyss:2)
  2 white imps (Vaults:3)
236 creatures vanquished.

Vanquished Creatures (others)
  2 fire giants
  A fire dragon (Depths:4)
  A deep elf knight (Elf:1)
  A deep elf pyromancer (D:12)
  A bloated husk (Swamp:1)
  A naga (Snake:2)
  2 crimson imps (Abyss:5)
  An orc wizard (Vaults:5)
  A white imp (Abyss:5)
  An orc (Orc:2)
  2 foxfires (Swamp:4)
  48 fungi
  73 plants
  8 starspawn tentacles
  7 tentacles (Abyss:3)
150 creatures vanquished.

Grand Total: 2601 creatures vanquished

Notes
Turn   | Place    | Note
-------+----------+-------------------------------------------
     0 | D:1      | Nixze the Draconian Air Elementalist began the quest for
                  | the Orb.
     0 | D:1      | Reached XP level 1. HP: 14/14 MP: 3/3
    99 | D:1      | Found Jacicrub's Antique Weapon Emporium.
   223 | D:1      | Reached XP level 2. HP: 19/20 MP: 1/5
   615 | D:1      | Learned a level 2 spell: Static Discharge
  1034 | D:1      | Reached XP level 3. HP: 26/26 MP: 2/6
  1278 | D:1      | Found a faded altar of an unknown god.
  1670 | D:2      | Reached skill level 1 in Fighting
  1941 | D:2      | Reached XP level 4. HP: 36/36 MP: 2/7
  2308 | D:2      | Found a broken altar of Ashenzari.
  2320 | D:2      | Became a worshipper of Ashenzari the Shackled
  2522 | D:3      | Learned a level 3 spell: Swiftness
  2825 | D:3      | Found a white marble altar of Elyvilon.
  3372 | D:3      | Found a shimmering altar of Xom.
  3376 | D:3      | Noticed an angel
  3380 | D:3      | Found a glowing silver altar of Zin.
  3788 | D:4      | Reached XP level 5. HP: 41/41 MP: 2/9
  3852 | D:4      | Found Foutomok's Armour Boutique.
  3854 | D:4      | Found Cuwk's Magic Scroll Boutique.
  3860 | D:4      | Found a bloodstained altar of Trog.
  3869 | D:4      | Found Orous's Armour Boutique.
  3999 | D:4      | Found a sacrificial altar of Ru.
  4027 | D:4      | Found Onkon's Weapon Boutique.
  4111 | D:4      | Learned a level 4 spell: Airstrike
  4471 | D:4      | Found Qenosch's Assorted Antiques.
  4737 | D:5      | Entered Level 5 of the Dungeon
  4751 | D:5      | Identified the +4 leather armour of Focus {Will+++ Dex+4
                  | Stlth+}
  4778 | D:5      | Reached XP level 6. HP: 28/48 MP: 0/12
  5660 | D:6      | Noticed a steam dragon
  5703 | D:6      | Reached * piety under Ashenzari
  5718 | D:6      | Your scales start taking on a lurid green colour.
  5718 | D:6      | Reached XP level 7. HP: 53/56 MP: 6/14
  5718 | D:6      | Gained mutation: Your system is resistant to poisons.
                  | (rPois) [Green Draconian growth]
  5809 | D:6      | Reached skill level 5 in Air Magic
  5892 | D:6      | Reached skill level 1 in Evocations
  6007 | D:6      | HP: 3/85 [poisoned by a water moccasin]
  6562 | D:6      | Identified the Collected Works on Displacement and Attacks
  6573 | D:6      | Learned a level 1 spell: Magic Dart
  6957 | D:6      | Reached ** piety under Ashenzari
  6984 | D:6      | Killed a steam dragon
  6985 | D:6      | Reached XP level 8. HP: 68/68 MP: 3/17
  7094 | D:6      | Found a staircase to the Ecumenical Temple.
  7840 | Temple   | Entered the Ecumenical Temple
  8562 | D:7      | Reached *** piety under Ashenzari
  8572 | D:7      | Reached skill level 5 in Spellcasting
  8749 | D:7      | Reached XP level 9. HP: 77/77 MP: 9/21
  8825 | D:7      | Found a radiant altar of Vehumet.
  9100 | D:7      | Found an iron altar of Okawaru.
  9399 | D:7      | Noticed Duvessa
  9400 | D:7      | Noticed Dowan
  9412 | D:7      | Killed Duvessa
  9434 | D:7      | Killed Dowan
  9696 | D:8      | Found an opulent altar of Gozag.
  9736 | D:8      | Found a sparkling altar of Nemelex Xobeh.
  9824 | D:8      | Reached skill level 5 in Fighting
 10312 | D:8      | Noticed Harold
 10337 | D:8      | Killed Harold
 10463 | D:8      | Reached skill level 5 in Evocations
 10463 | D:8      | Reached XP level 10. HP: 86/88 MP: 11/24
 10550 | D:8      | Noticed Joseph
 10557 | D:8      | Killed Joseph
 11191 | D:9      | Found the amulet of Vitality {Regen+ HP+15}
 11303 | D:4      | Bought a +1 pair of gloves of stealth for 181 gold pieces
 11323 | D:4      | Bought a +2 hat for 192 gold pieces
 11323 | D:4      | Bought a +0 pair of boots for 54 gold pieces
 12260 | D:9      | Found a staircase to the Orcish Mines.
 12371 | D:9      | Learned a level 5 spell: Bolt of Magma
 12893 | D:9      | Noticed Psyche
 12900 | D:9      | Killed Psyche
 12901 | D:9      | Reached skill level 1 in Fire Magic
 12901 | D:9      | Reached skill level 1 in Earth Magic
 13140 | D:10     | Entered Level 10 of the Dungeon
 13168 | D:10     | Noticed a two-headed ogre
 13170 | D:10     | Reached XP level 11. HP: 94/94 MP: 13/27
 13176 | D:10     | Reached skill level 2 in Earth Magic
 13178 | D:10     | Killed a two-headed ogre
 13179 | D:10     | Reached skill level 3 in Earth Magic
 13439 | D:10     | Noticed a four-headed hydra
 13439 | D:10     | Noticed a four-headed hydra
 13439 | D:10     | Noticed a deep elf pyromancer
 13440 | D:10     | Identified the +3 leather armour "Keimufid" {Rampage}
 13594 | D:10     | Found a hide-covered altar of Uskayaw.
 13757 | D:10     | Reached skill level 4 in Earth Magic
 13965 | D:10     | Found a runed translucent door.
 13966 | D:10     | Found a shimmering altar of Xom.
 13966 | D:10     | Noticed Vyran's ghost (journeyman GnFi)
 13967 | D:10     | Noticed a +2 quarterstaff of chaos
 13992 | D:10     | Noticed a four-headed hydra
 14004 | D:10     | Noticed a centaur warrior
 14004 | D:10     | Noticed a tengu warrior
 14004 | D:10     | Noticed an orc knight
 14511 | D:11     | Noticed a seven-headed hydra
 14518 | D:11     | Killed a seven-headed hydra
 14549 | D:11     | Reached skill level 5 in Fire Magic
 14549 | D:11     | Reached skill level 5 in Earth Magic
 14788 | D:11     | Noticed a cyan ugly thing
 14792 | D:11     | Killed a cyan ugly thing
 14851 | D:11     | Noticed an eight-headed hydra
 15117 | D:11     | Killed an eight-headed hydra
 15150 | D:11     | Noticed a boulder beetle
 15440 | D:11     | Reached skill level 1 in Shields
 15622 | D:11     | Killed a boulder beetle
 15623 | D:11     | Reached skill level 10 in Conjurations
 16045 | D:11     | Noticed a boulder beetle
 16069 | D:11     | Killed a boulder beetle
 16436 | D:11     | Found a staircase to the Lair.
 16474 | Lair:1   | Entered Level 1 of the Lair of Beasts
 16509 | Lair:1   | Reached XP level 12. HP: 101/101 MP: 11/28
 16591 | Lair:1   | Noticed a seven-headed hydra
 16597 | Lair:1   | Killed a seven-headed hydra
 16792 | Lair:1   | Noticed a six-headed hydra
 17119 | Lair:1   | Noticed a five-headed hydra
 17125 | Lair:1   | Killed a five-headed hydra
 17258 | Lair:1   | Killed a six-headed hydra
 18576 | Lair:2   | Reached skill level 6 in Earth Magic
 19397 | Lair:2   | Found a staircase to the Snake Pit.
 19422 | Lair:2   | Reached **** piety under Ashenzari
 19889 | Lair:2   | Noticed a four-headed hydra
 19893 | Lair:2   | Killed a four-headed hydra
 20147 | Snake:1  | Entered Level 1 of the Snake Pit
 20147 | Snake:1  | Noticed an anaconda
 20188 | Lair:3   | Reached XP level 13. HP: 86/116 MP: 4/30
 20820 | Lair:3   | Reached skill level 7 in Earth Magic
 20924 | Lair:3   | Reached ***** piety under Ashenzari
 21983 | Lair:4   | Found a staircase to the Swamp.
 22646 | Lair:5   | Reached skill level 8 in Earth Magic
 23410 | Lair:5   | Reached skill level 9 in Earth Magic
 24496 | Lair:6   | Entered Level 6 of the Lair of Beasts
 25146 | Lair:6   | Found a viscous altar of Jiyva.
 25146 | Lair:6   | Found a staircase to the Slime Pits.
 25469 | Lair:6   | Reached skill level 10 in Fire Magic
 25469 | Lair:6   | Reached skill level 10 in Earth Magic
 25730 | Lair:6   | Gained mutation: Your tail ends in a poisonous barb. [Green
                  | Draconian growth]
 25730 | Lair:6   | Reached XP level 14. HP: 115/125 MP: 18/32
 26971 | Lair:6   | Reached skill level 10 in Spellcasting
 27677 | Lair:6   | Reached skill level 5 in Dodging
 28195 | Lair:6   | Learned a level 5 spell: Irradiate
 28204 | Lair:6   | Learned a level 8 spell: Lehudib's Crystal Spear
 28800 | Orc:1    | Entered Level 1 of the Orcish Mines
 28921 | Orc:1    | Found a runed translucent gate.
 28922 | Orc:1    | Found a runed translucent gate.
 28923 | Orc:1    | Found a runed translucent gate.
 28924 | Orc:1    | Noticed Sensen's ghost (journeyman TrHu)
 28925 | Orc:1    | Found an iron altar of Okawaru.
 28944 | Orc:2    | Entered Level 2 of the Orcish Mines
 29120 | Orc:1    | Found a frozen archway.
 29166 | IceCv    | Entered an ice cave
 31084 | Orc:1    | Found Egogapro's Jewellery Shoppe.
 32587 | Orc:1    | Found the +11 plutonium sword {Contam Stlth-}
 32596 | Orc:1    | Identified the +2 flail of Res Nullius {vorpal, rCorr Int-4
                  | Dex+4 Stlth+}
 32601 | Orc:1    | Noticed a stone giant
 32785 | Orc:1    | Killed a stone giant
 32806 | Orc:1    | Reached XP level 15. HP: 141/141 MP: 8/36
 32934 | Orc:1    | Identified the amulet "Ziadesk" {RegenMP Fly}
 32934 | Orc:1    | Identified the +7 hand crossbow of the Ageless Tales {elec,
                  | Fly}
 33652 | Orc:2    | Noticed Snorg
 33657 | Orc:2    | Killed Snorg
 33878 | Orc:2    | Found a staircase to the Elven Halls.
 34175 | Orc:2    | Noticed Jorgrun
 34188 | Orc:2    | Killed Jorgrun
 36033 | Orc:2    | Noticed Josephine
 36246 | Orc:2    | Killed Josephine
 37056 | Orc:2    | Found Suof Juigao's Jewellery Boutique.
 37059 | Orc:2    | Found Ponuc's Antique Armour Boutique.
 37060 | Orc:2    | Found Tuts's Antique Weapon Boutique.
 37061 | Orc:2    | Found Xomurghe's Assorted Antiques.
 37067 | Orc:2    | Bought a potion of curing for 66 gold pieces
 37067 | Orc:2    | Bought a scroll of teleportation for 66 gold pieces
 37068 | Orc:2    | Bought the ring "Udiol" {Drain rElec rPois rN+ Dex+6} for
                  | 978 gold pieces
 37123 | Orc:2    | Learned a level 3 spell: Teleport Other
 37126 | Orc:2    | Learned a level 2 spell: Sublimation of Blood
 37134 | Orc:2    | Learned a level 7 spell: Spellforged Servitor
 38495 | D:13     | Found a flagged portal.
 38502 | Bailey   | Entered a bailey
 40384 | D:13     | Found a gate to the Vaults.
 40921 | D:14     | Found a glowing silver altar of Zin.
 41632 | D:15     | Entered Level 15 of the Dungeon
 41819 | D:15     | Reached XP level 16. HP: 102/146 MP: 7/36
 42068 | D:15     | Found a staircase to the Depths.
 42122 | D:15     | Noticed Nessos
 42130 | D:15     | Killed Nessos
 43268 | D:15     | Reached skill level 10 in Fighting
 44598 | Swamp:1  | Entered Level 1 of the Swamp
 45576 | Swamp:1  | Noticed a tentacled monstrosity
 45622 | Lair:4   | Killed a tentacled monstrosity
 46495 | Swamp:2  | Reached skill level 5 in Shields
 48810 | Swamp:3  | Noticed a thorn hunter
 48956 | Swamp:3  | Reached ****** piety under Ashenzari
 49056 | Swamp:3  | Killed a thorn hunter
 49057 | Swamp:3  | Reached skill level 1 in Summonings
 49233 | Swamp:3  | Noticed Louise
 49238 | Swamp:3  | Killed Louise
 49346 | Swamp:3  | Reached XP level 17. HP: 163/163 MP: 18/40
 49492 | Swamp:3  | Learned a level 4 spell: Passage of Golubria
 49495 | Swamp:3  | Learned a level 2 spell: Passwall
 49501 | Swamp:3  | Learned a level 5 spell: Lee's Rapid Deconstruction
 49791 | Swamp:4  | Entered Level 4 of the Swamp
 51385 | Swamp:4  | Reached skill level 5 in Summonings
 51599 | Swamp:4  | Noticed the 27-headed Lernaean hydra
 52847 | Swamp:4  | Killed the 27-headed Lernaean hydra
 52848 | Swamp:4  | Reached skill level 10 in Shields
 53793 | Swamp:4  | Got a decaying rune of Zot
 54228 | D:4      | Bought the +5 dagger of Frustration {venom, Contam rF+
                  | Int+2 Dex+3} for 601 gold pieces
 54950 | Snake:1  | Found Caerobi's General Store.
 54953 | Snake:1  | Found Zizxepaa's Antique Armour Shoppe.
 54953 | Snake:1  | Found Teiblur's Antique Armour Emporium.
 54958 | Snake:1  | Found Zoowen's Antique Armour Shoppe.
 54964 | Snake:1  | Bought a glowing cloak for 240 gold pieces
 54970 | Snake:1  | Bought a pair of runed gloves for 300 gold pieces
 54970 | Snake:1  | Bought a pair of embroidered gloves for 300 gold pieces
 56262 | Snake:1  | Found a hide-covered altar of Uskayaw.
 56597 | Snake:1  | Noticed Aizul
 56604 | Snake:1  | Killed Aizul
 56605 | Snake:1  | Reached XP level 18. HP: 166/166 MP: 20/40
 60679 | Snake:3  | Identified the Collected Works on Bewitching Translocation
 60752 | Snake:3  | Reached skill level 10 in Summonings
 61444 | Snake:3  | Found a shimmering blue altar of Sif Muna.
 61740 | Snake:3  | Found a runed translucent gate.
 61740 | Snake:3  | Found a runed translucent gate.
 61743 | Snake:3  | Identified the ring "Yxtou" {MP+9 EV+4 Slay+5}
 61743 | Snake:3  | Noticed CrazyMind's ghost (adept DjGl)
 61753 | Snake:3  | Found a runed translucent gate.
 62118 | D:10     | Killed Vyran's ghost
 62337 | Orc:1    | Killed Sensen's ghost
 62927 | Snake:3  | Killed CrazyMind's ghost
 63160 | Snake:4  | Entered Level 4 of the Snake Pit
 63536 | Snake:4  | Found Hoabepn's Magic Scroll Emporium.
 63542 | Snake:4  | Bought a scroll of magic mapping for 63 gold pieces
 63542 | Snake:4  | Bought a scroll of blinking for 135 gold pieces
 63542 | Snake:4  | Bought a scroll of teleportation for 54 gold pieces
 63542 | Snake:4  | Bought a scroll of magic mapping for 63 gold pieces
 63550 | Snake:4  | Reached skill level 15 in Spellcasting
 65922 | Snake:4  | Found a transporter.
 66103 | Snake:4  | Noticed Bai Suzhen
 66111 | Snake:4  | Killed Bai Suzhen
 66267 | Snake:4  | Found a one-way gate to the infinite horrors of the Abyss.
 66267 | Snake:4  | Noticed McKennaii's ghost (adept DgCj)
 66319 | Snake:4  | Found a transporter.
 66447 | Snake:4  | Got a serpentine rune of Zot
 66728 | Vaults:1 | Entered Level 1 of the Vaults
 66885 | Vaults:1 | Reached XP level 19. HP: 179/179 MP: 21/44
 67324 | Vaults:1 | Reached skill level 10 in Dodging
 68704 | Vaults:1 | Reached skill level 11 in Earth Magic
 69228 | Vaults:1 | Found Camu's Antique Weapon Shop.
 72219 | Vaults:2 | Found Zaymar's Antique Weapon Boutique.
 73013 | Vaults:3 | Paralysed by a great orb of eyes for 3 turns
 73272 | Vaults:3 | Reached skill level 12 in Earth Magic
 73645 | Vaults:3 | Found a staircase to the Crypt.
 73699 | Vaults:3 | Reached XP level 20. HP: 193/193 MP: 9/45
 74862 | Vaults:4 | Found a flickering gateway to a bazaar.
 74872 | Bazaar   | Entered a bazaar
 74946 | Bazaar   | Found Buymuhosu's Distillery.
 74961 | Bazaar   | Found Nouvuag's Weapon Shoppe.
 74961 | Bazaar   | Found Peguot's Jewellery Emporium.
 75000 | Bazaar   | Bought a ring of magical power for 240 gold pieces
 75000 | Bazaar   | Bought the amulet of Tizaly {Reflect Contam rN+++ rCorr
                  | SH+5 Stlth-} for 679 gold pieces
 77691 | Elf:1    | Entered Level 1 of the Elven Halls
 77970 | Elf:1    | Reached skill level 13 in Earth Magic
 79157 | Elf:1    | Identified the Reference Book on Arcane Weapons and
                  | Summoning
 80896 | Elf:2    | Paralysed by an air elemental for 1 turns
 80916 | Elf:2    | Found a crumbling gateway.
 80988 | Desolati | Entered the Desolation of Salt
 81269 | Desolati | Identified the Compendium of the Mountains
 81270 | Desolati | Identified the amulet of Neurosis {Reflect Str+2 SH+5}
 81969 | Desolati | Reached XP level 21. HP: 181/204 MP: 30/47
 82080 | Desolati | Identified the Almanac of the Glacier
 82086 | Desolati | Reached skill level 14 in Earth Magic
 82086 | Desolati | Identified the +0 chain mail of the Guild-Master {Int+4}
 82254 | Desolati | Identified the ring "Zafy" {EV+4 Dex+4}
 82302 | Desolati | Identified the ring "Jixzat" {Wiz rPois rF+ Slay-5 SInv}
 82458 | Desolati | Identified the Handbook of Stolen Souls and Summoning
 83058 | Elf:2    | Learned a level 9 spell: Shatter
 83152 | Elf:2    | Found Weopaenk's Antique Weapon Boutique.
 83169 | Elf:2    | Found Webroen's Antique Weapon Boutique.
 83217 | Elf:2    | Found Timahus's Antique Armour Boutique.
 83623 | Elf:2    | Found Ajud's Antique Armour Emporium.
 83628 | Elf:2    | Bought a pair of glowing boots for 270 gold pieces
 83638 | Elf:2    | Found Ceuxi's General Store.
 83738 | Elf:2    | Found a runed translucent gate.
 83738 | Elf:2    | Found a runed translucent gate.
 83739 | Elf:2    | Found a runed translucent gate.
 85336 | Elf:2    | Reached skill level 15 in Earth Magic
 85620 | Elf:3    | Entered Level 3 of the Elven Halls
 85622 | Elf:3    | Paralysed by an air elemental for 1 turns
 85852 | Elf:3    | Found Goumys's Overcharged Wands.
 86455 | Elf:3    | Found Leidibia's Armour Shoppe.
 86894 | Elf:3    | Paralysed by an air elemental for 1 turns
 87408 | Elf:3    | Reached skill level 15 in Summonings
 87564 | Elf:3    | Identified the +5 mace of Fyinife {antimagic, rPois rN+}
 87773 | Elf:3    | Reached skill level 16 in Earth Magic
 87783 | Elf:3    | Identified the +8 dagger "Hell-Harrower" {antimagic, rC+
                  | rCorr}
 87783 | Elf:3    | Identified the +6 tower shield of the Ornamental Zebra
                  | {Str+5}
 87786 | Elf:3    | Identified the +7 morningstar of Moral Flaws {vorpal, rC++}
 89124 | Elf:3    | Identified the Grimoire of the Unholy Birds
 89130 | Elf:3    | Identified the +2 cloak "Sycsau" {Str+5}
 89135 | Elf:3    | Identified A Beginning Course on Casting
 89707 | D:10     | Reached skill level 17 in Earth Magic
 90025 | Depths:1 | Entered Level 1 of the Depths
 90027 | Depths:1 | Reached XP level 22. HP: 213/213 MP: 39/48
 90130 | Depths:1 | Found a gateway to Hell.
 90770 | Depths:1 | Found a one-way gate leading to the halls of Pandemonium.
 90775 | Depths:1 | Gained mutation: You tend to lose your temper in combat. [a
                  | neqoxec]
 91340 | Depths:2 | Noticed a juggernaut
 91456 | Depths:2 | Paralysed by a great orb of eyes for 4 turns
 91464 | Depths:1 | Reached skill level 18 in Earth Magic
 92040 | Depths:2 | Learned a level 7 spell: Orb of Destruction
 92088 | Depths:2 | Noticed a golden dragon
 92635 | Depths:2 | Killed a golden dragon
 93002 | Depths:2 | Identified the +9 dagger of the Median {vorpal, rF+++ rC+
                  | Str+7 Stlth-}
 93050 | Depths:2 | Killed a juggernaut
 93556 | Depths:2 | Found a gateway to a ziggurat.
 95555 | Depths:3 | Paralysed by a great orb of eyes for 6 turns
 95884 | Depths:3 | Reached skill level 10 in Evocations
 95897 | Depths:2 | Found the +6 Majin-Bo {vamp, MP+6 Int+6}
 96560 | Depths:3 | Found an ancient bone altar of Kikubaaqudgha.
 97120 | Depths:4 | Reached XP level 23. HP: 220/220 MP: 2/49
 97462 | Depths:4 | Found Moururr's Armour Shoppe.
 98799 | Depths:4 | Noticed a caustic shrike
 98805 | Depths:4 | Killed a caustic shrike
 99499 | Depths:5 | Entered Level 5 of the Depths
 99898 | Depths:5 | Found a gate to the Realm of Zot.
100328 | Depths:5 | Reached skill level 15 in Conjurations
100335 | Depths:5 | Reached skill level 15 in Shields
102670 | Snake:4  | Killed McKennaii's ghost
103066 | Slime:1  | Entered Level 1 of the Pits of Slime
103430 | Slime:1  | Gained mutation: You sometimes lose the ability to read
                  | scrolls when taking damage. [a shining eye]
103533 | Lair:4   | Lost mutation: You sometimes lose the ability to read
                  | scrolls when taking damage. [potion of mutation]
103533 | Lair:4   | Lost mutation: You tend to lose your temper in combat.
                  | [potion of mutation]
103533 | Lair:4   | Gained mutation: You passively dampen the noise of your
                  | surroundings. [potion of mutation]
103671 | Slime:1  | Paralysed by a great orb of eyes for 7 turns
105645 | Slime:2  | Reached skill level 19 in Earth Magic
105840 | Slime:2  | Gained mutation: You expend magic power (3 MP) to
                  | strengthen your wands. [a shining eye]
106223 | Slime:2  | Reached XP level 24. HP: 195/228 MP: 20/50
107171 | Slime:3  | Found a viscous altar of Jiyva.
107356 | Slime:3  | Gained mutation: You are weak. (Str -2) [a shining eye]
109274 | Slime:5  | Entered Level 5 of the Pits of Slime
109475 | Slime:5  | Noticed Dissolution
109569 | Slime:5  | Killed Dissolution
110947 | Slime:5  | Identified the +9 plate armour "Jogaf" {rPois rN+}
110948 | Slime:5  | Found a viscous altar of Jiyva.
110948 | Slime:5  | Found the +8 Vampire's Tooth {vamp}
110949 | Slime:5  | Noticed the Royal Jelly
111603 | Slime:5  | Identified the +5 dagger of the Mind {speed, rElec}
111604 | Slime:5  | Got a slimy rune of Zot
111782 | Slime:5  | Identified the +0 robe of Good Intentions {-Cast rF+++
                  | rCorr Stlth+}
111783 | Slime:5  | Found the +2 hat of the Bear Spirit {Spirit, +Rage rN+
                  | Will++}
113659 | Slime:5  | Killed the Royal Jelly
114532 | Crypt:1  | Entered Level 1 of the Crypt
116317 | Crypt:1  | Identified a scroll of acquirement
116689 | Crypt:2  | Noticed Mennas
116698 | Crypt:2  | Killed Mennas
116807 | Crypt:2  | Noticed Margery
117129 | Crypt:2  | Killed Margery
117649 | Crypt:2  | Reached XP level 25. HP: 235/235 MP: 41/51
118241 | Crypt:2  | Reached skill level 20 in Earth Magic
118800 | Crypt:3  | Entered Level 3 of the Crypt
120291 | Crypt:3  | Found a basalt altar of Yredelemnul.
120292 | Crypt:3  | Noticed a dread lich
120295 | Crypt:3  | Paralysed by a dread lich for 2 turns
120299 | Crypt:3  | Killed a dread lich
120384 | Crypt:3  | Found a staircase to the Tomb.
120435 | Crypt:3  | Identified the ring "Weafeocs" {rN+ Will+}
120435 | Crypt:3  | Identified the ring "Paasis" {rF+ rN+ Dex+7}
120435 | Crypt:3  | Identified the ring "Ponur" {rN+ Dex+4}
121468 | Crypt:3  | Identified the +3 ring mail of Iqudas {Regen+}
123089 | Snake:1  | Bought a scroll of immolation for 63 gold pieces
123089 | Snake:1  | Bought a potion of magic for 144 gold pieces
123089 | Snake:1  | Bought a potion of curing for 54 gold pieces
123337 | Elf:2    | Bought a jewelled cloak for 285 gold pieces
123337 | Elf:2    | Identified the -2 cloak of the Ant {SInv} (You bought it in
                  | a shop on level 2 of the Elven Halls)
123915 | Vaults:5 | Entered Level 5 of the Vaults
123923 | Vaults:5 | Noticed an ancient lich
123927 | Vaults:5 | Identified the +0 chain mail "Xoereom" {rF+ Str+2}
123940 | Vaults:5 | Noticed a dread lich
123951 | Vaults:5 | Killed a dread lich
124323 | Vaults:5 | Identified the ring "Poleak" {*Corrode rPois rC+ rN+ Str+2}
125610 | Vaults:5 | Reached XP level 26. HP: 228/244 MP: 43/52
126007 | Vaults:5 | Identified the +4 flail "Raffea" {vamp, Fragile rF++}
126630 | Vaults:5 | Reached skill level 21 in Earth Magic
126677 | Vaults:5 | Killed an ancient lich
126987 | Vaults:5 | Identified the +8 arbalest of the Tent {freeze, rElec Str-4
                  | Int+3}
127122 | Vaults:5 | Identified Sekheuve's Catalogue of Summoning and
                  | Malediction
127677 | Vaults:5 | Identified the +5 hand crossbow of the Messenger {flame,
                  | rN+ Str+6}
127795 | Vaults:5 | Got a silver rune of Zot
128421 | Vaults:5 | Gained mutation: [Your body sometimes deteriorates upon
                  | taking damage.] [mutagenic glow]
128952 | Zot:1    | Entered Level 1 of the Realm of Zot
129896 | Snake:4  | Voluntarily entered the Abyss.
129897 | Abyss:1  | Found a corrupted altar of Lugonu.
129989 | Abyss:2  | Found a corrupted altar of Lugonu.
130233 | Abyss:2  | Found a hazy altar of Hepliaklqana.
130366 | Abyss:2  | Identified the +9 plate armour of Greed {rElec rF- rCorr}
130873 | Abyss:3  | Gained mutation: [Your magical capacity is low. (-10% MP)]
                  | [a neqoxec]
130874 | Abyss:3  | Gained mutation: [Your spells are a little easier to cast,
                  | but a little less powerful.] [a neqoxec]
130880 | Abyss:3  | Gained mutation: You tend to lose your temper in combat. [a
                  | neqoxec]
130918 | Abyss:5  | Entered Level 5 of the Abyss
130918 | Abyss:5  | Found a shadowy altar of Dithmenos.
130924 | Abyss:5  | Found a corrupted altar of Lugonu.
130931 | Abyss:5  | Gained mutation: [You are dopey. (Int -2)] [a neqoxec]
131154 | Abyss:5  | Noticed a dread lich
131175 | Abyss:5  | Identified the +7 chain mail "Cypoteg" {Str+5 Dex+3}
131196 | Abyss:5  | Killed from afar by a wretched star

Illustrated notes

Levels and vault maps discovered:
D:1:      kennysheep_arrival_forest, layout_basic, basic_ecumenical_altar,
          serial_shops, shop
D:2:      layout_basic, basic_altar
D:3:      layout_basic, grunt_temple_overflow_order_and_chaos_1,
          elyvilon_altar_1
D:4:      layout_loops_ring, mainiacjoe_overflow_tiny_flanked,
          nicolae_ru_awakened_eye, serial_shops, shop, shop,
          nicolae_shop_crystal, nicolae_shop_stone, nicolae_shop_trees
D:5:      layout_basic, minmay_crystal_water
D:6:      layout_cave_pods, minmay_temple_entry_wispy, serial_column_ruins,
          column_ruins_columns_straight, column_ruins_open_small,
          column_ruins_open_tiny, column_ruins_open_tiny, column_ruins_grid_3
D:7:      layout_loops_cross, mainiacjoe_overflow_brackets,
          okawaru_altar_gauntlet_db, st_stairs_10, uniq_duvessa
D:8:      cheibrodos_elevator_heist, layout_rooms, amcnicky_altar_gilded,
          mainiacjoe_overflow_paths, uniq_joseph, uniq_harold
D:9:      layout_basic, erik_orc_4, uniq_psyche
D:10:     layout_roguey, nicolae_uskayaw_dance_hall, ebering_ghost_xom,
          serial_rivers, chequers_serial_rivers_micro_e,
          chequers_serial_rivers_micro_b, chequers_serial_rivers_micro_d,
          chequers_serial_rivers_large_a, minivault_12
D:11:     layout_long_grid, erik_lair_island
D:12:     kennysheep_demon_hangout, layout_grid_maze, minivault_1
D:13:     layout_rooms, david_vaults_4, enter_bailey_3
D:14:     layout_cross, lemuel_crystal_altar
D:15:     grunt_enter_depths_hoard, layout_loops_ring, uniq_nessos
Temple:   hc_temple_tempest_star
Lair:1:   layout_small_grid, st_stairs_5, minmay_holes,
          chequers_serial_rivers_micro_c
Lair:2:   layout_regular_city, guppyfry_snake_entry_garden, worms_lemuel
Lair:3:   layout_regular_city
Lair:4:   layout_concentric_octagons, minmay_swamp_entry_worms
Lair:5:   layout_regular_city
Lair:6:   guppyfry_lair_end_dragon, layout_gridlike, hangedman_lair_in_review,
          slime_altar_1
Swamp:1:  nicolae_swamp_tree_isthmus, layout_falls_marsh,
          evilmike_swamp_ruin_wall, swamp_pool2, roderic_carrion_pond
Swamp:2:  layout_falls_marsh, nicolae_swamp_little_tower
Swamp:3:  layout_basic_swamp, serial_swamp_ruin, hangedman_swamp_ruin_hall,
          evilmike_swamp_ruin_house_4, uniq_louise
Swamp:4:  swamp_old_school, layout_basic_swamp, swamp_pool1, grunt_witch_cave
Snake:1:  nicolae_snake_unarmed_stairs_patrol, layout_chambers, basic_altar,
          nicolae_snake_mages_go_home, minmay_shoptagon, uniq_aizul
Snake:2:  layout_chambers
Snake:3:  layout_misc_corridors, gammafunk_ghost_split, basic_altar, drop_trap,
          nicolae_snake_lava_pool
Snake:4:  snake_pit, layout_chambers, serial_shops, shop,
          gammafunk_ghost_abyssal_escape, st_stairs_14, lemuel_fruit_tree,
          uniq_bai_suzhen
Slime:1:  layout_caves
Slime:2:  layout_caves
Slime:3:  cheibrodos_slime_lost_civilization_10, layout_caves, basic_altar
Slime:4:  layout_caves
Slime:5:  uniq_dissolution
Orc:1:    giant_chief_lemuel, layout_diamond_mine, serial_shops,
          nicolae_shop_waterfront, gammafunk_ghost_fury_of_okawaru,
          portal_ice_cave_entry_animals_and_master, minmay_orc_keep
Orc:2:    st_orc_pillars, layout_diamond_mine, uniq_jorgrun, uniq_josephine,
          uniq_snorg
Elf:1:    eino_elf_arrival_customs, layout_geoelf_octagon, minmay_elf_sorcery
Elf:2:    nicolae_elf_blades_splatter_lattice [infiniplex_blade_entry_pillars],
          layout_geoelf_octagon, portal_desolation_entry_ruin, serial_shops,
          nicolae_shop_window_shopping, shop, nicolae_shop_stone, shop, shop
Elf:3:    minmay_elf_hall_quartered_circle, layout_geoelf_diagonals,
          serial_shops, shop, drop_trap, nicolae_shop_overcharged_wands
Vaults:1: vaults_mumra_hex, nicolae_vaults_network_barrier,
          hangedman_vaults_corner, ontoclasm_vaults_shuriken, v_misc_10,
          hangedman_vaults_corner_blocks, vaults_room_pool,
          nicolae_vaults_ring_of_whatevers, vaults_room_semicircle,
          layout_vaults_omnigrid, serial_shops, nicolae_lakefront_shop
Vaults:2: nicolae_vaults_circle_grid_a, nicolae_vaults_bisected_inception,
          grunt_vaults_focal, nicolae_vaults_windows_and_doors_thing, v_misc_5,
          ontoclasm_vaults_twist, v_pattern_5, hangedman_vaults_impose,
          v_misc_31, v_misc_14, nicolae_vaults_border_crossing,
          vaults_room_stairs_pillars, layout_vaults_omnicross, serial_shops,
          nicolae_shop_stone
Vaults:3: v_misc_24, ontoclasm_vaults_chip, minmay_crypt_entry_simple_box,
          v_misc_15, nicolae_vaults_asterisk, hangedman_vaults_corner_blocks,
          dpeg_vaults_monster_row, serial_ice_h, vaults_dpeg_diagonal,
          nicolae_vaults_asterisk, vaults_room_hallway, v_misc_27,
          layout_vaults_big_room
Vaults:4: vaults_room_stairs_pillars, ontoclasm_vaults_eye, v_misc_19,
          v_pattern_1, nicolae_vaults_little_squares_2,
          nicolae_vaults_circle_grid_a, hangedman_vaults_corner_blocks,
          v_rooms_1, v_misc_13, nicolae_vaults_yaktaur_gun_rack,
          hangedman_vaults_cutoff, vaults_room_semicircle, layout_vaults_ring,
          serial_shops, freezing_bzr
Vaults:5
Crypt:1:  layout_misc_corridors, hangedman_weighted_door,
          grunt_crypt_arrival_guarded_gate
Crypt:2:  layout_misc_corridors, nicolae_crypt_statuary_hall, uniq_mennas,
          uniq_margery
Crypt:3:  cryptofortress_bobbens
Depths:1: layout_small_grid, grunt_pan_entry_zigzag, hell_entry,
          minmay_misc_feat_x, glass_columns_a, chequers_serial_rivers_room_b,
          minmay_librarian
Depths:2: minmay_the_grid_4x2 [minmay_the_grid_spikes, minmay_the_grid_armoury,
          minmay_the_grid_minigrid_large, minmay_the_grid_embedded,
          minmay_the_grid_zigzag_pyramid, minmay_the_grid_plusring,
          minmay_the_grid_box_x, minmay_the_grid_prize_diamond_cup],
          layout_gridlike, enter_ziggurat_a, minmay_misc_feat_tiny, hell_entry,
          infiniplex_staircase_pillars_3a, firewood_loft
Depths:3: minmay_strange_plus, layout_gridlike, lemuel_crystal_altar,
          hell_entry, rand_demon_pan_entry_5, serial_bayou_pond_a
Depths:4: minmay_blocking_statues, layout_gridlike, serial_bayou_ford_a,
          serial_shops, nicolae_shop_trees, grunt_hell_entry_dis_grunt,
          hangedman_abyss_entry_splay
Depths:5: grunt_zot_entry_funnels, layout_gridlike, serial_corexii_hall,
          corexii_hall_statues_t, corexii_hall_statues_s, hell_entry,
          st_stairs_1
Zot:1:    layout_onion, grunt_ministairs_13, kennysheep_underground_church,
          grunt_megastairs_3
Abyss:5:  base: D:7, evilmike_abyss_exit_16, minivault_23,
          hangedman_abyss_theft, nicolae_abyss_rune_left_handed,
          hangedman_abyss_theft, guppyfry_abyss_exit_imp_island,
          evilmike_abyss_rune_siren_acolytes, guppyfry_abyss_exit_imp_island,
          nicolae_abyss_rune_star_stuff,
          hangedman_grunt_abyss_rune_horror_hoard, due_exit_kobolds,
          hangedman_elemental_corridor, guppyfry_abyss_exit_glass_guarded,
          grunt_abyss_rune_wretched_hive

Skill      XL: |  1  2  3  4  5  6  7  8  9 10 11 12 13 14 15 16 17 18 19 20 21 22 23 24 25 26 |
---------------+-------------------------------------------------------------------------------+-----
Stealth        | 2 |  2.4
Conjurations   | 2 3 4 6 8 10 11 12 14 15 16 18 | 18.7
Fighting       | 2 3 5 6 9 11 13 | 13.4
Dodging        | 2 3 6 9 11 12 | 12.6
Spellcasting   | 3 4 5 7 9 11 12 13 15 16 17 18 | 18.6
Air Magic      | 4 5 8 |  8.6
Evocations     | 2 5 6 10 | 10.7
Fire Magic     | 1 5 6 10 | 10.0
Earth Magic    | 1 5 6 10 12 13 17 18 19 20 21 | 21.3
Shields        | 3 4 8 11 13 15 16 18 | 18.7
Summonings     | 2 8 10 12 13 15 | 15.0

Action                   |  1- 3 |  4- 6 |  7- 9 | 10-12 | 13-15 | 16-18 | 19-21 | 22-24 | 25-27 || total
-------------------------+-------+-------+-------+-------+-------+-------+-------+-------+-------++-------
Melee: Dagger            |    28 |     2 |    18 |    15 |   267 |    52 |    99 |   237 |    64 ||   782
       Tailslap          |     4 |     1 |       |     2 |    58 |    12 |    25 |    51 |    20 ||   173
       Flail             |       |       |       |       |       |       |       |       |    62 ||    62
 Fire: Hunting sling     |       |     3 |     1 |       |       |       |       |       |       ||     4
Throw: Throwing net      |       |       |       |       |       |       |     1 |       |       ||     1
 Cast: Shock             |    82 |   105 |    83 |   234 |   326 |   302 |   114 |   155 |    41 ||  1442
       Static Discharge  |       |    17 |    24 |   116 |   284 |    82 |   113 |   121 |    11 ||   768
       Airstrike         |       |       |    65 |   119 |   214 |   368 |    68 |    32 |       ||   866
       Swiftness         |       |       |     1 |       |       |       |     1 |       |       ||     2
       Bolt of Magma     |       |       |       |    42 |   195 |   350 |   527 |   389 |   366 ||  1869
       Irradiate         |       |       |       |       |     7 |       |       |       |       ||     7
       Spellforged Servi |       |       |       |       |       |    50 |    41 |    34 |    11 ||   136
       Lee's Rapid Decon |       |       |       |       |       |    19 |       |     5 |    16 ||    40
       Lehudib's Crystal |       |       |       |       |       |    14 |    86 |    70 |    35 ||   205
       Teleport Other    |       |       |       |       |       |     1 |       |       |       ||     1
       Passwall          |       |       |       |       |       |     1 |       |       |       ||     1
       Shatter           |       |       |       |       |       |       |     2 |    63 |    24 ||    89
       Orb of Destructio |       |       |       |       |       |       |       |   182 |     6 ||   188
       Passage of Golubr |       |       |       |       |       |       |       |     3 |       ||     3
Invok: Curse Item        |       |     2 |     2 |     2 |     3 |     4 |     1 |       |     2 ||    16
       Shatter the Chain |       |       |       |       |     1 |     3 |     1 |       |     4 ||     9
 Abil: Breathe Noxious F |       |       |     3 |     8 |    12 |     9 |     1 |     1 |     3 ||    37
Evoke: Wand              |       |       |     1 |     4 |       |     2 |     7 |     1 |       ||    15
       Lightning rod     |       |       |       |       |       |     1 |       |       |       ||     1
  Use: Potion            |       |       |     2 |       |     1 |     3 |       |     7 |     7 ||    20
       Scroll            |       |       |       |       |     6 |     1 |     1 |     4 |     7 ||    19
 Stab: Confused          |       |       |       |       |     5 |       |       |       |     1 ||     6
       Distracted        |       |       |       |       |     2 |       |       |     5 |     2 ||     9
       Sleeping          |       |       |       |       |       |       |     2 |       |       ||     2
Armor: Skin              |    17 |    13 |    25 |    42 |   156 |   127 |   106 |   175 |   105 ||   766
Dodge: Dodged            |    24 |     9 |    31 |   103 |   365 |   278 |   311 |   450 |   291 ||  1862
Block: Other             |     4 |     5 |     5 |    24 |       |       |       |       |       ||    38
       Buckler           |       |       |       |    29 |   418 |    47 |       |       |       ||   494
       Reflection        |       |       |       |     1 |    32 |    78 |    87 |    25 |    10 ||   233
       Kite shield       |       |       |       |       |       |   365 |   598 |   755 |   269 ||  1987
       Tower shield      |       |       |       |       |       |       |       |       |   273 ||   273
